 Dungeon Crawl Stone Soup version 0.31.0-32-g396128a36d (webtiles) character file.

Game seed: 17914521197327110723

169 Dvallin the Ruffian (level 5, -4/40 HPs)
             Began as a Draconian Shapeshifter on Mar 31, 2024.
             Was a Follower of the Shining One.
             Slain by an ogre
             ... wielding a +0 giant club
              (31 damage)
             ... on level 4 of the Dungeon.
             The game lasted 00:05:39 (2271 turns).

Dvallin the Ruffian (Draconian Shapeshifter)        Turns: 2271, Time: 00:05:40

Health: -4/40      AC:  5    Str: 16    XL:     5   Next: 25%
Magic:  5/5        EV: 12    Int: 10    God:    the Shining One [*.....]
Gold:   147        SH:  0    Dex: 13    Spells: 4/4 levels left

rFire   . .          .
                       - Unarmed
rCold   . . .        (no shield)
rNeg    . . .        (body armour unavailable)
rPois   .            (helmet currently unavailable)
rElec   .            (cloak currently unavailable)
rCorr   .            (gloves currently unavailable)
SInv    .            (boots currently unavailable)
Will    .....        (no amulet)
Stlth   +            (no ring)
HPRegen 0.26/turn    (no ring)
MPRegen 0.09/turn

%: no passive effects
@: beast-form, weak-willed, glowing
A: beast (slay +1), AC +5, unfitting armour, cold-blooded
a: Begin Untransformation, Renounce Religion, Divine Shield


You were on level 4 of the Dungeon.
You worshipped the Shining One.
The Shining One was aware of your devotion.
You were a hulking beast.
You visited 1 branch of the dungeon, and saw 4 of its levels.

You collected 147 gold pieces.

Inventory:

Missiles
 e - 3 poisoned darts (quivered)
Talismans
 b - a beast talisman
 c - a flux talisman
Scrolls
 i - 3 scrolls of teleportation
 l - 2 scrolls of enchant weapon
Potions
 a - 2 potions of lignification
 f - 4 potions of curing {unknown}
 h - a potion of ambrosia {unknown}
 k - a potion of resistance {unknown}
 m - a potion of haste {unknown}
 o - a potion of attraction {unknown}


   Skills:
 - Level 1.1 Fighting
 - Level 1.7 Dodging
 - Level 6.0 Unarmed Combat
 * Level 3.0 Shapeshifting


You had 4 spell levels left.
You didn't know any spells.
Your spell library contained the following spells:

 Spells                   Type           Power      Damage    Failure   Level
 Magic Dart               Conj           0%         1d3       36%         1
 Blink                    Tloc           0%         N/A       50%         2
 Call Imp                 Summ           0%         N/A       50%         2
 Gell's Gravitas          Tloc           0%         N/A       75%         3
 Teleport Other           Tloc           0%         N/A       75%         3
 Dispersal                Tloc           0%         N/A       100%        6


Dungeon Overview and Level Annotations

Branches:
Dungeon (4/15)
 Temple: D:4-7

Altars:
Sif Muna
The Shining One

Annotations:
D:1 2 runed translucent doors
D:3 2 transporters, Hirorubie's ghost, amateur KoHu


Innate Abilities, Weirdness & Mutations

You are a hulking beast.
Your limbs bulge with bestial killing power. (Slay +1)
Your plain brown scales are hard. (AC +5)
You cannot fit into any form of body armour.
You are cold-blooded and may be slowed by cold attacks.


Message History

As you read the scroll of identify, it crumbles to dust.
i - 3 scrolls of teleportation
As you read the scroll labelled OGEORPH JIRIG, it crumbles to dust.
Your body is wracked with pain!
The Shining One forgives your inadvertent evil act, just this once.
It was a scroll of torment.
As you read the scroll labelled PUEHOE HUEFON, it crumbles to dust.
It is a scroll of amnesia.
You feel forgetful for a moment.
As you read the scroll labelled DAUFUS VODUSIWN, it crumbles to dust.
A wave of despondency washes over your surroundings.
It was a scroll of vulnerability.
Okay, then.
f - 4 dark potions (gained 1)
Found a whip.
Found a stone staircase leading down.
An orc comes into view. It is wielding a +0 club.
The orc closely misses you.
You hit the orc.
The orc is severely wounded.
You hit the orc but do no damage.
The orc is severely wounded.
The orc hits you but does no damage.
You hit the orc.
You kill the orc!
There is a stone staircase leading down, spattered with blood here.
Things that are here:
a +0 club; a +0 leather armour; an orc corpse An ogre comes into view.
It is wielding a +0 giant club.
The ogre shouts!
You punch the ogre!
The ogre is moderately wounded.
The ogre barely misses you.
You punch the ogre! You tail-slap the ogre.
The ogre is almost dead.
You hit the ogre.
The ogre is almost dead.
The ogre hits you with a +0 giant club!!
Ouch! That really hurt!
You die...

.....................
........#####........
......# #..#....)
......#######.###....
.............## ##..
........>#####
...##..## #.## #h#
#O# #.. #..# #...
##... ##. ##


You could see an ogre.

Vanquished Creatures
  2 orc wizards (D:3)
  4 gnolls (D:3)
  An adder (D:3)
  3 dart slugs (D:2)
  6 orcs
  5 ball pythons
  9 endoplasms
  A giant cockroach (D:1)
  A goblin (D:3)
  4 hobgoblins (D:1)
  A jackal (D:2)
  7 kobolds
  3 quokkas
  6 bats
  A frilled lizard (D:3)
  6 rats
60 creatures vanquished.

Notes
Turn   | Place    | Note
-------+----------+-------------------------------------------
     0 | D:1      | Dvallin the Draconian Shapeshifter began the quest for the
                  | Orb.
     0 | D:1      | Reached XP level 1. HP: 16/16 MP: 1/1
    70 | D:1      | Found a large runed translucent door.
    70 | D:1      | Found a large runed translucent door.
   257 | D:1      | Reached XP level 2. HP: 21/23 MP: 2/2
   556 | D:1      | Reached skill level 4 in Unarmed Combat
   698 | D:1      | Reached XP level 3. HP: 27/28 MP: 3/3
  1324 | D:2      | Found a faded altar of an unknown god.
  1328 | D:2      | Prayed at the altar of an unknown god.
  1328 | D:2      | Became a worshipper of the Shining One
  1328 | D:2      | Reached * piety under the Shining One
  1437 | D:2      | You fall into a shaft and drop 1 floor!
  1512 | D:3      | Reached skill level 5 in Unarmed Combat
  1512 | D:3      | Reached XP level 4. HP: 28/35 MP: 4/4
  1672 | D:3      | Found a shimmering blue altar of Sif Muna.
  1883 | D:3      | Found a transporter.
  1885 | D:3      | Noticed Hirorubie's ghost (amateur KoHu)
  1952 | D:3      | Reached XP level 5. HP: 21/40 MP: 5/5
  2073 | D:3      | Reached skill level 6 in Unarmed Combat
  2198 | D:3      | Found a transporter.
  2267 | D:4      | Noticed an ogre
  2271 | D:4      | Slain by an ogre

Illustrated notes

Levels and vault maps discovered:
D:1:      erik_arrival_cave_to_civilisation [erik_arrival_cave_to_temple],
          layout_basic
D:2:      layout_basic, ebering_ecumenical_altar_box, minmay_surrounded,
          uniq_crazy_yiuf_cottage, uniq_jessica
D:3:      layout_basic, hellmonk_sif_muna_bookshelves, gammafunk_ghost_mausoleum
D:4:      layout_layer_cave, portal_sewer_entry_d, uniq_sigmund

Skill      XL: |  1  2  3  4  5 |
---------------+----------------+-----
Unarmed Combat | 4 5 6 |  6.0
Fighting       | |  1.1
Dodging        | |  1.7
Shapeshifting  | |  3.0

Action                     |  1- 3 |  4- 6 || total
---------------------------+-------+-------++-------
  Melee: Unarmed           |    93 |    61 ||   154
         Tailslap          |     8 |    10 ||    18
         Punch             |     2 |     4 ||     6
    Use: Scroll            |       |     5 ||     5
   Stab: Sleeping          |     1 |       ||     1
 Armour: Skin              |    50 |    33 ||    83
  Dodge: Dodged            |    50 |    22 ||    72
